Map: White Rabbit LE

Players

TheBishop

  • Race: Protoss Protoss
  • League: Silver
  • Spawn Location: 7:00

Jamin - Winner!

  • Race: Terran Terran
  • League: Silver
  • Spawn Location: 1:00

VOD

Have the link to the VOD?

Description

Time

  • Played on: Nov. 29, 2025, 3:20 p.m.
  • Length: 9:54
Show
View Real Time Build Order
Export as new Build Order

TheBishop Protoss 

Build Orders:  

Get SALT Encoding   

  12  0:15  Probe  
  12  0:17  Pylon  
  13  0:23  Probe  
  14  0:33  Probe  
  14  0:41  Gateway  
  15  0:45  Probe  
  15  0:49  Assimilator  
  16  0:57  Probe  
  17  1:09  Probe  
  18  1:21  Pylon, Probe  
  19  1:33  Probe  
  19  1:35  Cybernetics Core  
  19  1:37  Assimilator  
  20  1:42  Gateway  
  20  1:45  Probe  
  21  1:57  Probe  
  22  2:05  Adept  
  22  2:09  Probe  
  22  2:12  Pylon  
  25  2:23  Adept  
  25  2:28  Nexus  
  27  2:37  Stalker  
  29  2:53  Twilight Council  
  29  3:00  Stalker  
  31  3:12  Warp Gate  
  31  3:25  Stargate  
  31  3:43  Probe x2  
  33  3:55  Probe x2  
  35  4:07  Probe x2  
  35  4:19  Probe x2  
  37  4:31  Probe  
  37  4:32  Probe  
  39  4:39  Nexus, Stalker  
  39  4:40  Stalker  
  40  4:50  Probe x2  
  40  4:52  Assimilator  
  42  4:54  Assimilator  
  42  5:02  Oracle, Probe  
  42  5:06  Stalker  
  42  5:07  Stalker  
  50  5:19  Gateway  
  50  5:21  Gateway  
  50  5:28  Forge  
  50  5:30  Forge  
  50  5:31  Probe x2  
  50  5:34  Stalker  
  54  5:48  Stalker, Pylon  
  54  5:50  Pylon  
  54  5:51  Probe x2  
  54  5:53  Pylon  
  58  6:03  Protoss Ground Weapons Level 1  
  58  6:04  Protoss Ground Armor Level 1  
  58  6:25  Probe x3  
  61  6:37  Probe x3  
  60  6:50  Stalker x4  
  68  7:07  Charge  
  60  7:37  Pylon  
  60  7:41  Gateway  
  60  7:46  Gateway  
  60  7:48  Gateway  
  60  7:58  Stalker x2  
  60  8:26  Zealot x3  
  60  8:27  Zealot  
  54  8:48  Stalker x3  
  50  8:49  Stalker  
  27  9:25  Zealot  
  27  9:26  Zealot x3  
Show
View Real Time Build Order
Export as new Build Order

Jamin Terran - Winner!

Build Orders: Reaper Expand 

Get SALT Encoding   

  12  0:00  SCV  
  13  0:15  Supply Depot  
  13  0:16  SCV  
  14  0:29  SCV  
  15  0:38  Barracks  
  15  0:42  SCV  
  16  0:47  Refinery  
  16  0:54  SCV  
  17  1:00  Supply Depot  
  17  1:06  SCV  
  18  1:18  SCV  
  19  1:30  Orbital Command  
  19  1:31  Reaper  
  20  1:51  Command Center  
  20  1:57  SCV  
  21  2:01  Refinery  
  21  2:04  Marine  
  22  2:12  SCV  
  23  2:18  Supply Depot  
  23  2:22  Marine  
  24  2:23  Factory  
  24  2:27  SCV  
  25  2:39  SCV, Marine  
  27  2:56  SCV  
  27  2:57  Marine  
  29  3:11  Barracks  
  29  3:13  Barracks  
  29  3:15  Factory Reactor  
  29  3:16  Barracks Reactor  
  29  3:17  Starport  
  29  3:19  SCV  
  30  3:30  Orbital Command  
  30  3:33  SCV  
  31  3:44  Supply Depot  
  31  3:45  SCV  
  32  3:53  Marine x2  
  34  3:57  SCV  
  34  4:07  Barracks Reactor  
  34  4:08  Barracks Reactor  
  33  4:10  Barracks Tech Lab  
  33  4:11  SCV x2  
  33  4:20  Marine x2  
  35  4:30  SCV x2  
  36  4:39  Marine x2  
  36  4:44  SCV x2  
  39  4:46  Marine x2  
  39  4:47  Marine  
  39  4:50  Medivac x2  
  39  4:52  Stimpack  
  46  4:57  Marine x2  
  48  5:05  Supply Depot  
  48  5:06  Marine x3  
  50  5:13  Refinery, SCV x2  
  52  5:15  Barracks  
  52  5:17  Marine  
  52  5:18  Marine  
  54  5:30  SCV x2  
  54  5:31  Barracks  
  54  5:34  Marine x3  
  59  5:37  Marine x2  
  59  5:39  Medivac x2  
  59  5:42  SCV x2  
  67  5:51  Marine x2  
  67  5:52  Marine  
  70  6:04  Supply Depot x2  
  70  6:09  Supply Depot  
  70  6:11  Marine x2  
  70  6:12  SCV x2  
  70  6:18  Marine  
  74  6:19  Marine, Barracks Reactor x2  
  74  6:20  Marine  
  74  6:24  SCV  
  78  6:25  SCV  
  78  6:27  Command Center  
  78  6:32  Marine x2  
  81  6:35  Medivac  
  81  6:36  Marine  
  81  6:37  Marine  
  81  6:38  Marine  
  86  6:41  Combat Shield  
  86  6:42  SCV x2  
  86  6:50  Marine x2  
  86  6:54  Marine  
  85  6:55  Marine  
  85  6:56  SCV x2  
  85  6:57  Marine x4  
  65  7:24  Marine x4  
  65  7:25  Marine x5  
  65  7:28  SCV x2  
  72  7:40  Refinery, SCV  
  72  7:42  Marine x2  
  74  7:53  SCV x2  
  74  7:54  Orbital Command  
  76  8:06  Marine x6  
  78  8:23  Marine  
  78  8:24  Marine x2  
  79  8:45  Marine x4  
  79  8:46  Marine x4  
  87  8:52  Medivac x2  
  87  8:53  SCV x3  
  87  8:54  Refinery  
  92  9:09  Marine x5  
  94  9:10  Marine x4  
  92  9:27  Marine x2  
  92  9:28  Marine x6  
  92  9:29  Marine  
Tags
 
Add a new tag
Caveats
  • Supply blocks, unpowered buildings, or Contaminate may cause inaccurate times.
  • Supply counts are checked every 10 seconds.